 Dungeon Crawl Stone Soup version 0.29.0-4-gdea44cf6ec (webtiles) character file.

Game seed: 15863599110190333392

14464 qw the Brawler (level 11, -1/107 HPs)
             Began as a Troll Cinder Acolyte on Sept 1, 2022.
             Was a Follower of Ignis.
             Killed from afar by an oklob plant (9 damage)
             ... with a splash of acid
             ... on level 1 of the Lair of Beasts.
             The game lasted 00:05:07 (9300 turns).

qw the Brawler (Troll Cinder Acolyte)               Turns: 9300, Time: 00:05:08

Health: -1/107     AC:  0    Str: 28    XL:     11   Next: 89%
Magic:  11/11      EV:  9    Int: 10    God:    Ignis [*.....]
Gold:   646        SH:  0    Dex:  5    Spells: 12/12 levels left

rFire   + . .      SeeInvis +     - Unarmed
rCold   . . .      Faith    .   (no shield)
rNeg    . . .      Spirit   .   l - +0 troll leather armour
rPois   +          Reflect  .   (helmet restricted)
rElec   .          Harm     .   p - +2 cloak of the Blue Skies {rPois}
rCorr   +          Rampage  .   (gloves unavailable)
Will    .....                   (boots unavailable)
Stlth   +.........              (no amulet)
HPRegen 1.87/turn               j - ring of resist corrosion
MPRegen 0.12/turn               o - ring of see invisible

@: corroded, fiery-armoured
A: large, unfitting armour, claws 3, regeneration 1, shaggy fur 1, tough skin 1
a: Renounce Religion, Fiery Armour, Foxfire Swarm, Rising Flame


You were on level 1 of the Lair of Beasts.
You worshipped Ignis.
Ignis was aware of your devotion.
You visited 2 branches of the dungeon, and saw 11 of its levels.

You collected 646 gold pieces.


Innate Abilities, Weirdness & Mutations

You are too large for most types of armour.
You have claws for hands.
Your natural rate of healing is unusually fast.
You are covered in fur. (AC +1)
You have tough skin. (AC +1)


   Skills:
 + Level 6.9 Fighting
 - Level 6.0 Throwing
 - Level 2.0 Armour
 - Level 1.5 Dodging
 - Level 16.1 Unarmed Combat
 - Level 1.0 Spellcasting
 - Level 2.1 Fire Magic


You had 12 spell levels left.
You didn't know any spells.
Your spell library contained the following spells:

 Spells                   Type           Power      Damage    Failure   Level
 Scorch                   Fire           8%         2d5       24%         2

Inventory:

Missiles
 a - 5 javelins
 s - a large rock (quivered)
 t - 3 boomerangs
Armour
 l - a +0 troll leather armour (worn)
 m - a scarf of resistance
 p - the +2 cloak of the Blue Skies (worn) {rPois}
   (You found it on level 4 of the Dungeon)

   rPois:     It protects you from poison.
Jewellery
 b - a ring of ice
 d - a ring of see invisible
 j - a ring of resist corrosion (left claw)
 n - an amulet of magic regeneration
 o - a ring of see invisible (right claw)
Wands
 h - a wand of digging (6)
Scrolls
 g - 2 scrolls of enchant weapon
 k - 2 scrolls of identify
Potions
 c - a potion of might
 e - a potion of curing
 f - 2 potions of haste

Dungeon Overview and Level Annotations

Branches:
Dungeon (10/15)            Temple (0/1) D:7            Lair (1/5) D:10
    Orc (0/2) D:9

Altars:
Ashenzari
Dithmenos
Elyvilon
Fedhas
Gozag
Hepliaklqana
Kikubaaqudgha
Nemelex Xobeh
Sif Muna
Wu Jian
Xom
Yredelemnul
The Shining One

Shops:
D:6 *(

Annotations:
D:5 1 runed translucent door, Crazy Yiuf
Lair:1 1 runed translucent door, qw's ghost, novice TrCA


Message History

The oklob plant spits acid at you. The splash of acid hits you! You resist.
The oklob plant spits acid at you. The splash of acid hits you! You resist.
9266 ||| DRINKING 2 potions of heal wounds.
You feel much better. The oklob plant spits acid at you.
The splash of acid hits you! You resist. The oklob plant spits acid at you.
The splash of acid misses you. The oklob plant spits acid at you.
The splash of acid hits you! You resist. The oklob plant spits acid at you.
The splash of acid misses you. The oklob plant spits acid at you.
The splash of acid hits you! You resist. The acid corrodes you!
The oklob plant spits acid at you. The splash of acid hits you! You resist.
9276 ||| DRINKING potion of heal wounds.
You feel much better. The oklob plant spits acid at you.
The splash of acid hits you! You resist. The oklob plant spits acid at you.
The splash of acid hits you! You resist. The oklob plant spits acid at you.
The splash of acid hits you but does no damage.
You resist. The oklob plant spits acid at you. The splash of acid hits you!
You resist. The acid corrodes you! The oklob plant spits acid at you.
The splash of acid hits you! You resist. The oklob plant spits acid at you.
The splash of acid hits you! You resist. The oklob plant spits acid at you.
The splash of acid hits you! You resist. The oklob plant spits acid at you.
The splash of acid hits you! You resist. The oklob plant spits acid at you.
The splash of acid hits you! You resist.
You die...

.....# ##.............#
.###.# #...###.......# ##
#.# #..^.# #.....# ##.#
#...####...# #..##
#....##.###.# ##..#
#.PPP...# #
#.#########?PPP?.## # .#
#...........PPP..## .#..#
#####P##.###.@.##.##....#
###### ###### #.##.#....#
##P#.# ### ##..### ...%#
#..## ###%### ####.# #
#.#.###########.#..## #
#...................# #
#..####.#.#####.##.## #
#..####.#####P######


You could see an oklob plant.

Vanquished Creatures
  A two-headed ogre (D:9)
  A catoblepas (Lair:1)
  Urug (Lair:1)
  A black mamba (Lair:1)
  3 cane toads (Lair:1)
  2 komodo dragons
  3 trolls
  3 blink frogs (Lair:1)
  28 yaks
  3 wyverns
  A steam dragon (D:8)
  A basilisk (Lair:1)
  3 acid dragons
  A warg (D:9)
  3 water moccasins
  5 orc warriors
  2 ice beasts
  2 centaurs
  9 wolves
  A phantom (D:4)
  2 kobold brigands
  7 bullfrogs
  Blork the orc (D:4)
  2 scorpions
  5 necrophages
  5 wights (D:9)
  4 killer bees
  2 electric eels (D:10)
  4 howler monkeys
  5 hounds
  9 orc priests
  Jessica (D:3)
  Natasha (thrice) (D:3)
  8 iguanas
  7 orc wizards
  Terence (D:3)
  Robin (D:3)
  6 adders
  2 shadow imps
  A white imp (D:7)
  An ufetubus (D:7)
  3 worms
  4 dart slugs
  33 orcs
  3 ball pythons
  5 endoplasms
  3 giant cockroaches (D:3)
  15 hobgoblins
  3 jackals (D:1)
  5 quokkas
  12 bats
  A frilled lizard (D:1)
  12 goblins
  13 kobolds
  5 rats
268 creatures vanquished.

Notes
Turn   | Place    | Note
-------+----------+-------------------------------------------
     0 | D:1      | qw the Troll Cinder Acolyte began the quest for the Orb.
     0 | D:1      | Reached XP level 1. HP: 22/22 MP: 1/1
     0 | D:1      | 0 ||| qw: Version: 0.1-a-97-g2dd2ca4
     0 | D:1      | 0 ||| qw: Game counter: 4818
     0 | D:1      | 0 ||| qw: Always use a shield: true
     0 | D:1      | 0 ||| qw: God list: Okawaru
     0 | D:1      | 0 ||| qw: Allow faded altars: false
     0 | D:1      | 0 ||| qw: Do Orc after D:15 true
     0 | D:1      | 0 ||| qw: Do second Lair branch before Depths: true
     0 | D:1      | 0 ||| qw: Lair rune preference: random
     0 | D:1      | 0 ||| qw: Plans: Normal
     0 | D:1      | 0 ||| PLANNING D:1-11
    34 | D:1      | 34 ||| Stepping ~*~*~tactically~*~*~ (hiding).
    55 | D:1      | 55 ||| Stepping ~*~*~tactically~*~*~ (stealth).
    56 | D:1      | 56 ||| Stepping ~*~*~tactically~*~*~ (stealth).
    76 | D:1      | 76 ||| Stepping ~*~*~tactically~*~*~ (stealth).
    85 | D:1      | 85 ||| Stepping ~*~*~tactically~*~*~ (stealth).
    98 | D:1      | Reached XP level 2. HP: 26/29 MP: 2/2
   231 | D:1      | 231 ||| Stepping ~*~*~tactically~*~*~ (stealth).
   236 | D:1      | 236 ||| Stepping ~*~*~tactically~*~*~ (outnumbered).
   303 | D:1      | Reached skill level 4 in Unarmed Combat
   316 | D:1      | 316 ||| Stepping ~*~*~tactically~*~*~ (stealth).
   347 | D:1      | Found a faded altar of an unknown god.
   557 | D:1      | Reached XP level 3. HP: 36/36 MP: 3/3
   802 | D:1      | 802 ||| READING scroll labelled USEICV VAGRE.
   803 | D:1      | 803 ||| READING scroll labelled BOATWI YD DED.
  1556 | D:3      | Noticed Natasha
  1560 | D:3      | 1560 ||| INVOKING Fiery Armour.
  1563 | D:3      | Killed Natasha
  1564 | D:3      | Reached skill level 1 in Throwing
  1564 | D:3      | Reached XP level 4. HP: 15/44 MP: 4/4
  1608 | D:3      | Identified the +1 leather armour of the Spheres {rElec
                  | Int+7 Dex-5}
  1608 | D:3      | Noticed Terence
  1609 | D:3      | 1609 ||| Stepping ~*~*~tactically~*~*~ (stealth).
  1610 | D:3      | 1610 ||| Stepping ~*~*~tactically~*~*~ (stealth).
  1615 | D:3      | Killed Terence
  1616 | D:3      | Reached skill level 5 in Unarmed Combat
  1618 | D:3      | Noticed Robin
  1625 | D:3      | Killed Robin
  1626 | D:3      | 1626 ||| Stepping ~*~*~tactically~*~*~ (stealth).
  1633 | D:3      | 1633 ||| Stepping ~*~*~tactically~*~*~ (outnumbered).
  1634 | D:3      | 1634 ||| Stepping ~*~*~tactically~*~*~ (outnumbered).
  1635 | D:3      | 1635 ||| Stepping ~*~*~tactically~*~*~ (outnumbered).
  1641 | D:3      | Reached XP level 5. HP: 50/50 MP: 5/5
  1697 | D:3      | 1697 ||| Stepping ~*~*~tactically~*~*~ (stealth).
  1699 | D:3      | 1699 ||| INVOKING Fiery Armour.
  1709 | D:3      | Reached skill level 6 in Unarmed Combat
  1902 | D:3      | Noticed Natasha
  1903 | D:3      | 1903 ||| Stepping ~*~*~tactically~*~*~ (hiding).
  1916 | D:3      | Killed Natasha
  2007 | D:3      | 2007 ||| Stepping ~*~*~tactically~*~*~ (stealth).
  2031 | D:3      | Reached XP level 6. HP: 59/59 MP: 6/6
  2075 | D:3      | Noticed Natasha
  2077 | D:3      | 2077 ||| Stepping ~*~*~tactically~*~*~ (hiding).
  2088 | D:3      | Killed Natasha
  2188 | D:3      | Noticed Jessica
  2189 | D:3      | 2189 ||| Stepping ~*~*~tactically~*~*~ (stealth).
  2192 | D:3      | 2192 ||| Stepping ~*~*~tactically~*~*~ (stealth).
  2198 | D:3      | Killed Jessica
  2519 | D:3      | 2519 ||| DROPPING ring of magical power.
  2520 | D:3      | 2520 ||| UPGRADING to ring of resist corrosion.
  2521 | D:3      | 2521 ||| READING scroll labelled KUERAHOADEA.
  2522 | D:3      | 2522 ||| READING scroll labelled OVUEXUL ZIPSA.
  2523 | D:3      | 2523 ||| DRINKING 2 silvery potions.
  2559 | D:3      | 2559 ||| DROPPING potion of lignification.
  2580 | D:4      | 2580 ||| Stepping ~*~*~tactically~*~*~ (stealth).
  2585 | D:4      | Reached skill level 7 in Unarmed Combat
  2837 | D:4      | Identified the +2 cloak of the Blue Skies {rPois}
  2860 | D:4      | 2860 ||| UPGRADING to +2 cloak of the Blue Skies {rPois}.
  2886 | D:4      | Reached XP level 7. HP: 49/66 MP: 7/7
  2940 | D:4      | Found a shimmering altar of Xom.
  2940 | D:4      | Found a shimmering blue altar of Sif Muna.
  3011 | D:4      | Found a sparkling altar of Nemelex Xobeh.
  3072 | D:4      | Noticed Blork the orc
  3073 | D:4      | 3073 ||| Stepping ~*~*~tactically~*~*~ (hiding).
  3083 | D:4      | Killed Blork the orc
  3084 | D:4      | Reached skill level 8 in Unarmed Combat
  3113 | D:4      | 3113 ||| READING 2 scrolls labelled MED FAK FEOMM.
  3159 | D:4      | 3159 ||| READING scroll labelled RAMENE YSAGY.
  3323 | D:4      | 3323 ||| READING scroll labelled KADOKH XANT.
  3324 | D:4      | 3324 ||| DRINKING 3 golden potions.
  3325 | D:4      | 3325 ||| READING 2 scrolls of identify.
  3325 | D:4      | 3325 ||| IDENTIFYING bubbling clear potion
  3326 | D:4      | 3326 ||| DROPPING potion of flight.
  3362 | D:5      | Entered Level 5 of the Dungeon
  3369 | D:5      | Found a broken altar of Ashenzari.
  3394 | D:5      | Reached skill level 3 in Fighting
  3479 | D:5      | 3479 ||| Stepping ~*~*~tactically~*~*~ (stealth).
  3480 | D:5      | 3480 ||| Stepping ~*~*~tactically~*~*~ (stealth).
  3481 | D:5      | 3481 ||| Stepping ~*~*~tactically~*~*~ (stealth).
  3486 | D:5      | 3486 ||| Stepping ~*~*~tactically~*~*~ (stealth).
  3488 | D:5      | 3488 ||| Stepping ~*~*~tactically~*~*~ (stealth).
  3579 | D:5      | Reached skill level 3 in Throwing
  3613 | D:5      | 3613 ||| Stepping ~*~*~tactically~*~*~ (stealth).
  3687 | D:5      | 3687 ||| Stepping ~*~*~tactically~*~*~ (stealth).
  3692 | D:5      | Reached XP level 8. HP: 73/75 MP: 8/8
  3696 | D:5      | Reached skill level 9 in Unarmed Combat
  3745 | D:5      | 3745 ||| Stepping ~*~*~tactically~*~*~ (stealth).
  3747 | D:5      | 3747 ||| Stepping ~*~*~tactically~*~*~ (hiding).
  3748 | D:5      | 3748 ||| Stepping ~*~*~tactically~*~*~ (hiding).
  3757 | D:5      | 3757 ||| Stepping ~*~*~tactically~*~*~ (outnumbered).
  3758 | D:5      | 3758 ||| Stepping ~*~*~tactically~*~*~ (outnumbered).
  3759 | D:5      | 3759 ||| Stepping ~*~*~tactically~*~*~ (outnumbered).
  3760 | D:5      | 3760 ||| Stepping ~*~*~tactically~*~*~ (outnumbered).
  3766 | D:5      | Reached skill level 1 in Dodging
  3812 | D:5      | Found a runed translucent door.
  3813 | D:5      | Noticed Crazy Yiuf
  3964 | D:5      | Found a hazy altar of Hepliaklqana.
  4227 | D:5      | 4227 ||| READING 3 scrolls of identify.
  4227 | D:5      | 4227 ||| IDENTIFYING smoky orange potion
  4228 | D:5      | 4228 ||| READING 2 scrolls of identify.
  4228 | D:5      | 4228 ||| IDENTIFYING gluggy clear potion
  4229 | D:5      | 4229 ||| DROPPING potion of invisibility.
  4453 | D:6      | 4453 ||| Stepping ~*~*~tactically~*~*~ (hiding).
  4457 | D:6      | 4457 ||| INVOKING Fiery Armour.
  4458 | D:6      | 4458 ||| Stepping ~*~*~tactically~*~*~ (outnumbered).
  4506 | D:6      | Found an ornate altar of the Wu Jian Council.
  4538 | D:6      | Reached skill level 10 in Unarmed Combat
  4539 | D:6      | 4539 ||| Stepping ~*~*~tactically~*~*~ (stealth).
  4540 | D:6      | 4540 ||| Stepping ~*~*~tactically~*~*~ (stealth).
  4546 | D:6      | Found Noihim's Weapon Shoppe.
  4705 | D:6      | Found a shadowy altar of Dithmenos.
  4821 | D:6      | Found Ilaahuitt's Neck Hole.
  4824 | D:6      | 4824 ||| Stepping ~*~*~tactically~*~*~ (stealth).
  4832 | D:6      | 4832 ||| SHOPLISTING amulet of the acrobat (330 gold, have
                  | 301).
  4886 | D:6      | Found an opulent altar of Gozag.
  4942 | D:6      | Found a blossoming altar of Fedhas.
  4980 | D:6      | 4980 ||| DROPPING +6 ring of intelligence.
  4981 | D:6      | 4981 ||| READING scroll labelled DIEKOI ODDIF.
  4985 | D:6      | 4985 ||| DRINKING 2 fizzy golden potions.
  4986 | D:6      | 4986 ||| DROPPING potion of attraction.
  5186 | D:7      | Reached XP level 9. HP: 84/84 MP: 9/9
  5291 | D:7      | Found a glowing golden altar of the Shining One.
  5392 | D:7      | Found a basalt altar of Yredelemnul.
  5445 | D:7      | 5445 ||| Stepping ~*~*~tactically~*~*~ (stealth).
  5476 | D:7      | Noticed a troll
  5484 | D:7      | Killed a troll
  5485 | D:7      | Reached skill level 11 in Unarmed Combat
  5544 | D:7      | Found a staircase to the Ecumenical Temple.
  5740 | D:7      | 5740 ||| UPGRADING to +0 troll leather armour.
  5750 | D:7      | 5750 ||| DROPPING +0 robe.
  5751 | D:7      | 5751 ||| UPGRADING to ring of see invisible.
  5752 | D:7      | 5752 ||| DRINKING 2 amethyst potions.
  5753 | D:7      | 5753 ||| READING 6 scrolls of identify.
  5753 | D:7      | 5753 ||| IDENTIFYING orange potion
  5754 | D:7      | 5754 ||| READING 5 scrolls of identify.
  5754 | D:7      | 5754 ||| IDENTIFYING sapphire potion
  5755 | D:7      | 5755 ||| READING 4 scrolls of identify.
  5755 | D:7      | 5755 ||| IDENTIFYING sedimented orange potion
  5756 | D:7      | 5756 ||| READING 3 scrolls of identify.
  5756 | D:7      | 5756 ||| IDENTIFYING metallic white potion
  5757 | D:7      | 5757 ||| READING 2 scrolls of identify.
  5757 | D:7      | 5757 ||| IDENTIFYING smoky dark potion
  5758 | D:7      | 5758 ||| DROPPING potion of magic.
  5759 | D:7      | 5759 ||| DROPPING potion of brilliance.
  5760 | D:7      | 5760 ||| DROPPING potion of degeneration.
  5761 | D:7      | 5761 ||| DROPPING potion of ambrosia.
  5846 | D:8      | 5846 ||| Stepping ~*~*~tactically~*~*~ (hiding).
  5847 | D:8      | 5847 ||| Stepping ~*~*~tactically~*~*~ (hiding).
  5849 | D:8      | 5849 ||| Stepping ~*~*~tactically~*~*~ (hiding).
  5852 | D:8      | Reached skill level 1 in Armour
  5857 | D:8      | 5857 ||| Stepping ~*~*~tactically~*~*~ (outnumbered).
  5861 | D:8      | 5861 ||| Stepping ~*~*~tactically~*~*~ (outnumbered).
  5864 | D:8      | 5864 ||| FLEEEEING.
  5895 | D:8      | Found an ancient bone altar of Kikubaaqudgha.
  6157 | D:8      | 6157 ||| DRINKING potion of curing.
  6157 | D:8      | 6157 ||| (to cure confusion)
  6168 | D:8      | 6168 ||| Stepping ~*~*~tactically~*~*~ (hiding).
  6169 | D:8      | 6169 ||| Stepping ~*~*~tactically~*~*~ (hiding).
  6371 | D:8      | Reached skill level 12 in Unarmed Combat
  6604 | D:8      | 6604 ||| READING scroll labelled NUSEJI FOWUMOY.
  6605 | D:8      | 6605 ||| READING scroll labelled ZEES BUASHATZ.
  6606 | D:8      | 6606 ||| READING scroll labelled ESASAE UX RAQA.
  6663 | D:9      | 6663 ||| Stepping ~*~*~tactically~*~*~ (stealth).
  6669 | D:9      | Found a staircase to the Orcish Mines.
  6671 | D:9      | 6671 ||| INVOKING Fiery Armour.
  6676 | D:9      | 6676 ||| Stepping ~*~*~tactically~*~*~ (outnumbered).
  6679 | D:9      | 6679 ||| Stepping ~*~*~tactically~*~*~ (outnumbered).
  6682 | D:9      | 6682 ||| Stepping ~*~*~tactically~*~*~ (outnumbered).
  6683 | D:9      | 6683 ||| Stepping ~*~*~tactically~*~*~ (outnumbered).
  6684 | D:9      | 6684 ||| Stepping ~*~*~tactically~*~*~ (outnumbered).
  6686 | D:9      | 6686 ||| Stepping ~*~*~tactically~*~*~ (outnumbered).
  6691 | D:9      | 6691 ||| Stepping ~*~*~tactically~*~*~ (outnumbered).
  6696 | D:9      | 6696 ||| Stepping ~*~*~tactically~*~*~ (outnumbered).
  6700 | D:9      | 6700 ||| FLEEEEING.
  6704 | D:9      | 6704 ||| STAIRDANCE
  6758 | D:9      | Noticed a two-headed ogre
  6762 | D:9      | Killed a two-headed ogre
  6763 | D:9      | Reached XP level 10. HP: 26/96 MP: 10/10
  6788 | D:9      | 6788 ||| Stepping ~*~*~tactically~*~*~ (stealth).
  6802 | D:9      | 6802 ||| Stepping ~*~*~tactically~*~*~ (hiding).
  6918 | D:9      | 6918 ||| Stepping ~*~*~tactically~*~*~ (stealth).
  7079 | D:9      | Found a white marble altar of Elyvilon.
  7089 | D:9      | 7089 ||| Stepping ~*~*~tactically~*~*~ (outnumbered).
  7138 | D:9      | 7138 ||| Stepping ~*~*~tactically~*~*~ (stealth).
  7145 | D:9      | 7145 ||| Stepping ~*~*~tactically~*~*~ (outnumbered).
  7146 | D:9      | 7146 ||| Stepping ~*~*~tactically~*~*~ (outnumbered).
  7152 | D:9      | Reached skill level 13 in Unarmed Combat
  7200 | D:9      | 7200 ||| Stepping ~*~*~tactically~*~*~ (stealth).
  7275 | D:9      | 7275 ||| Stepping ~*~*~tactically~*~*~ (hiding).
  7342 | D:9      | 7342 ||| Stepping ~*~*~tactically~*~*~ (hiding).
  7498 | D:9      | 7498 ||| Stepping ~*~*~tactically~*~*~ (outnumbered).
  7506 | D:9      | Reached skill level 14 in Unarmed Combat
  7506 | D:9      | 7506 ||| FLEEEEING.
  7507 | D:9      | 7507 ||| FLEEEEING.
  7508 | D:9      | 7508 ||| FLEEEEING.
  7509 | D:9      | 7509 ||| STAIRDANCE
  7516 | D:8      | 7516 ||| READING scroll labelled SUCEME GINWUI.
  7519 | D:9      | 7519 ||| STAIRDANCE
  7551 | D:9      | 7551 ||| STAIRDANCE
  7779 | D:10     | Entered Level 10 of the Dungeon
  7847 | D:10     | Reached skill level 6 in Fighting
  7922 | D:10     | 7922 ||| INVOKING Fiery Armour.
  7927 | D:10     | 7927 ||| Stepping ~*~*~tactically~*~*~ (outnumbered).
  7928 | D:10     | 7928 ||| Stepping ~*~*~tactically~*~*~ (outnumbered).
  7929 | D:10     | 7929 ||| Stepping ~*~*~tactically~*~*~ (outnumbered).
  7932 | D:10     | 7932 ||| Stepping ~*~*~tactically~*~*~ (outnumbered).
  7934 | D:10     | 7934 ||| Stepping ~*~*~tactically~*~*~ (outnumbered).
  7946 | D:10     | Reached XP level 11. HP: 101/105 MP: 11/11
  7950 | D:10     | 7950 ||| FLEEEEING.
  7952 | D:10     | 7952 ||| FLEEEEING.
  7962 | D:10     | 7962 ||| FLEEEEING.
  7998 | D:10     | Found a staircase to the Lair.
  8074 | D:10     | 8074 ||| Stepping ~*~*~tactically~*~*~ (stealth).
  8078 | D:10     | 8078 ||| INVOKING Fiery Armour.
  8080 | D:10     | 8080 ||| Stepping ~*~*~tactically~*~*~ (outnumbered).
  8088 | D:10     | 8088 ||| Stepping ~*~*~tactically~*~*~ (outnumbered).
  8091 | D:10     | 8091 ||| Stepping ~*~*~tactically~*~*~ (outnumbered).
  8092 | D:10     | 8092 ||| Stepping ~*~*~tactically~*~*~ (outnumbered).
  8093 | D:10     | 8093 ||| Stepping ~*~*~tactically~*~*~ (outnumbered).
  8095 | D:10     | Identified the +6 dagger of Gozag's Hope {freeze, Will+
                  | rCorr Str+4}
  8096 | D:10     | 8096 ||| Stepping ~*~*~tactically~*~*~ (stealth).
  8103 | D:10     | 8103 ||| Stepping ~*~*~tactically~*~*~ (hiding).
  8320 | D:10     | 8320 ||| Stepping ~*~*~tactically~*~*~ (hiding).
  8323 | D:10     | 8323 ||| Stepping ~*~*~tactically~*~*~ (hiding).
  8334 | D:10     | 8334 ||| Stepping ~*~*~tactically~*~*~ (stealth).
  8597 | D:10     | 8597 ||| PLANNING LAIR
  8597 | D:10     | 8597 ||| DROPPING ring of flight.
  8598 | D:10     | 8598 ||| READING scroll labelled PEIFEDGHORGH.
  8630 | Lair:1   | Entered Level 1 of the Lair of Beasts
  8633 | Lair:1   | Noticed a catoblepas
  8634 | Lair:1   | 8634 ||| INVOKING Fiery Armour.
  8635 | Lair:1   | 8635 ||| Stepping ~*~*~tactically~*~*~ (cloud).
  8658 | Lair:1   | 8658 ||| Stepping ~*~*~tactically~*~*~ (cloud).
  8659 | Lair:1   | 8659 ||| Stepping ~*~*~tactically~*~*~ (cloud).
  8664 | Lair:1   | 8664 ||| Stepping ~*~*~tactically~*~*~ (cloud).
  8666 | Lair:1   | 8666 ||| Stepping ~*~*~tactically~*~*~ (cloud).
  8667 | Lair:1   | Killed a catoblepas
  8668 | Lair:1   | Reached skill level 15 in Unarmed Combat
  8694 | Lair:1   | Found a runed translucent door.
  8696 | Lair:1   | Found a shimmering altar of Xom.
  8696 | Lair:1   | Noticed qw's ghost (novice TrCA)
  8699 | Lair:1   | Identified the +10 halberd "Bitwivire" {flame, Dex+3}
  8738 | Lair:1   | Reached skill level 6 in Throwing
  8778 | Lair:1   | Noticed an oklob plant
  8779 | Lair:1   | 8779 ||| INVOKING Fiery Armour.
  8794 | Lair:1   | 8794 ||| Stepping ~*~*~tactically~*~*~ (outnumbered).
  8823 | Lair:1   | HP: 21/105 [oklob plant/splash of acid (10)]
  8824 | Lair:1   | 8824 ||| READING scroll of teleportation.
  8825 | Lair:1   | 8825 ||| DRINKING 3 potions of heal wounds.
  8827 | Lair:1   | 8827 ||| Stepping ~*~*~tactically~*~*~ (stealth).
  8829 | Lair:1   | 8829 ||| Stepping ~*~*~tactically~*~*~ (stealth).
  8832 | Lair:1   | 8832 ||| Stepping ~*~*~tactically~*~*~ (outnumbered).
  8833 | Lair:1   | 8833 ||| Stepping ~*~*~tactically~*~*~ (outnumbered).
  8834 | Lair:1   | 8834 ||| Stepping ~*~*~tactically~*~*~ (outnumbered).
  8835 | Lair:1   | 8835 ||| Stepping ~*~*~tactically~*~*~ (outnumbered).
  8839 | Lair:1   | 8839 ||| Stepping ~*~*~tactically~*~*~ (stealth).
  8877 | Lair:1   | Noticed Urug
  8882 | Lair:1   | Killed Urug
  8883 | Lair:1   | Reached skill level 16 in Unarmed Combat
  8922 | Lair:1   | 8922 ||| Stepping ~*~*~tactically~*~*~ (stealth).
  8924 | Lair:1   | 8924 ||| Stepping ~*~*~tactically~*~*~ (stealth).
  9074 | Lair:1   | Noticed a +0 scimitar of chaos
  9160 | Lair:1   | 9160 ||| INVOKING Fiery Armour.
  9255 | Lair:1   | 9255 ||| INVOKING Fiery Armour.
  9265 | Lair:1   | HP: 22/107 [oklob plant/splash of acid (7)]
  9266 | Lair:1   | 9266 ||| DRINKING 2 potions of heal wounds.
  9275 | Lair:1   | HP: 18/107 [oklob plant/splash of acid (12)]
  9276 | Lair:1   | 9276 ||| DRINKING potion of heal wounds.
  9292 | Lair:1   | HP: 25/107 [oklob plant/splash of acid (14)]
  9298 | Lair:1   | HP: 11/107 [oklob plant/splash of acid (17)]
  9300 | Lair:1   | Killed from afar by an oklob plant

Levels and vault maps discovered:
D:1:      lightli_arrival_statuegarden, layout_loops_ring,
          hellmonk_ecumenical_altar_leap_of_faith, minmay_tetromino_l4
D:2:      layout_basic
D:3:      layout_loops_cross, uniq_terence, uniq_robin, uniq_natasha,
          uniq_jessica
D:4:      minmay_inner_zag, layout_cave_pools,
          gammafunk_temple_overflow_elements, nemelex_spade_bored_becter,
          uniq_blork_the_orc
D:5:      layout_cave_pools, mainiacjoe_overflow_paths, kennysheep_little_box,
          minmay_hedge_maze, uniq_crazy_yiuf_cottage
D:6:      layout_loops_ring, old_standard_altar, mainiacjoe_overflow_24_doors,
          mainiacjoe_overflow_big_doors, serial_shops, shop_statue,
          nicolae_shop_sticking_my_neck_out
D:7:      layout_loops_ring, mainiacjoe_overflow_catwalk,
          mainiacjoe_overflow_cross_hatched, lemuel_temple_firewalk_b
D:8:      layout_basic, mainiacjoe_overflow_boulevard
D:9:      layout_loops_ring, elyvilon_altar_5, david_orc_3
D:10:     layout_gridville, erik_lair_island, kennysheep_generic_room_7
Lair:1:   layout_loops_ring, ebering_ghost_xom, minmay_lair_oklob_bushes,
          grunt_megastairs_4, uniq_urug

Skill      XL: |  1  2  3  4  5  6  7  8  9 10 11 |
---------------+----------------------------------+-----
Unarmed Combat | 4 5 6 7 8 10 12 14 16 | 16.1
Throwing       | 1 2 3 5 6 |  6.0
Fighting       | 3 4 5 6 |  6.9
Dodging        | 1 |  1.5
Armour         | 1 2 |  2.0
Spellcasting   | |  1.0
Fire Magic     | |  2.1

Action                   |  1- 3 |  4- 6 |  7- 9 | 10-12 || total
-------------------------+-------+-------+-------+-------++-------
Melee: Unarmed           |    99 |   106 |   206 |   242 ||   653
       Punch             |     2 |     3 |     7 |    12 ||    24
Throw: Large rock        |     6 |    33 |    43 |    14 ||    96
       Boomerang         |       |       |     7 |    10 ||    17
       Javelin           |       |       |     6 |    12 ||    18
Invok: Fiery Armour      |     1 |     1 |     2 |     6 ||    10
  Use: Scroll            |     2 |     2 |    15 |     3 ||    22
       Potion            |       |     1 |     4 |     3 ||     8
 Stab: Petrified         |       |       |       |     2 ||     2
Armor: Robe              |    27 |    31 |    34 |       ||    92
       Troll leather arm |       |       |    25 |    85 ||   110
Dodge: Dodged            |    47 |    36 |    61 |    89 ||   233

Table legend:
 A = Non-vault XP
 B = Vault XP
 C = Vault XP percentage of total XP
 D = Non-vault monster count
 E = Vault monster count
 F = Vault count percentage of total count
                 A         B        C        D         E       F
            +---------+---------+-------+---------+---------+-------
      Total |   17852 |    2811 |  13.6 |     226 |      42 |  15.7
            +---------+---------+-------+---------+---------+-------
        D:1 |      46 |       4 |   8.0 |      25 |       2 |   7.4
        D:2 |      32 |       0 |   0.0 |      13 |       0 |   0.0
        D:3 |     288 |     144 |  33.3 |      29 |      14 |  32.6
        D:4 |     255 |     239 |  48.4 |      11 |       5 |  31.2
        D:5 |     707 |       0 |   0.0 |      24 |       0 |   0.0
        D:6 |     777 |       0 |   0.0 |      16 |       0 |   0.0
        D:7 |     900 |       0 |   0.0 |       9 |       0 |   0.0
        D:8 |    1465 |       0 |   0.0 |      28 |       0 |   0.0
        D:9 |    4518 |     480 |   9.6 |      28 |      10 |  26.3
       D:10 |    2239 |    1001 |  30.9 |      15 |       9 |  37.5
     Lair:1 |    6625 |     943 |  12.5 |      28 |       2 |   6.7
            +---------+---------+-------+---------+---------+-------
